 Dungeon Crawl Stone Soup version 0.20-a0-492-g6327889 (webtiles) character file.

23 Klosterheim the Skirmisher (level 2, -1/24 HPs)
             Began as a Barachian Wanderer on Jan 13, 2017.
             Slain by a hobgoblin
             ... wielding a +0 club
              (2 damage)
             ... on level 2 of the Dungeon on Jan 15, 2017.
             The game lasted 00:02:28 (1236 turns).

Klosterheim the Skirmisher (Barachian Wanderer)     Turns: 1236, Time: 00:02:28

Health: -1/24      AC:  6    Str:  8    XL:     2   Next: 95%
Magic:  2/2        EV:  7    Int: 11    God:
Gold:   40         SH:  0    Dex: 11    Spells: 1/1 levels left

rFire    . . .     SeeInvis .   n - +0 whip (venom)
rCold    . . .     Gourm    .   h - +0 scale mail
rNeg     . . .     Faith    .   (no shield)
rPois    .         Spirit   .   (no helmet)
rElec    .         Reflect  .   (no cloak)
rCorr    .         Harm     .   (no gloves)
MR       .....                  (no boots)
Stlth    ..........             (no amulet)
Regen    0.0/turn               (no ring)
                                (no ring)

@: slow
A: swims, slowness 1, strong legs 1
a: Hop


You were on level 2 of the Dungeon.
You were not hungry.

You visited 1 branch of the dungeon, and saw 2 of its levels.

You collected 40 gold pieces.

Inventory:

Hand Weapons
 a - a +2 quarterstaff
 n - a +0 whip of venom (weapon)
Armour
 h - a +0 scale mail (worn)
Scrolls
 c - 2 scrolls of teleportation
 d - a scroll of identify {unknown}
 j - a scroll of random uselessness {unknown}
 k - 2 scrolls of remove curse {unknown}
 r - a scroll of enchant weapon {unknown}
Potions
 e - a potion of cure mutation {unknown}
 i - a potion of flight {unknown}
 l - a potion of cancellation {unknown}
 m - a potion of lignification {unknown}
 o - a potion of brilliance {unknown}
 q - a potion of curing {unknown}
Books
 b - the Almanac of Enchantment

   Spells                             Type                      Level
   a - Confusing Touch                Hexes                        1
   b - Inner Flame                    Hexes/Fire                   3
Comestibles
 f - a bread ration
 g - a meat ration
 p - 2 chunks of flesh


   Skills:
 + Level 3.5 Fighting
 * Level 0.2(1.4) Maces & Flails
 - Level 2.4 Staves
 - Level 1.0 Throwing
 - Level 2.0 Stealth
   Level 3.2 Summonings


You had one spell level left.
You didn't know any spells.

Dungeon Overview and Level Annotations

Branches:
Dungeon (2/15)

Altars:


Innate Abilities, Weirdness & Mutations

You can swim through water.
You cover ground slowly.
You can hop short distances.


Message History

The hobgoblin barely misses you.
The hobgoblin hits you but does no damage.
The hobgoblin hits you but does no damage.
The hobgoblin barely misses you.
The hobgoblin hits you but does no damage.
The hobgoblin barely misses you.
The hobgoblin hits you with a club. x2; The worm bites you but does no damage.
The hobgoblin hits you but does no damage. x2
The hobgoblin hits you with a club. The worm bites you!
* * * LOW HITPOINT WARNING * * *
The hobgoblin hits you but does no damage.
The hobgoblin hits you but does no damage. x2
The worm closely misses you.
The hobgoblin hits you but does no damage. x2
The worm bites you.
* * * LOW HITPOINT WARNING * * *
The hobgoblin barely misses you. The hobgoblin completely misses you.
The hobgoblin hits you with a club.
You die...

.# ##.....# ..
#.##..# ..###.##..##
#....รท##...#
#>......#..## ###
####..#.....######
....
#..###........##.....
#(.# #>#####.......##
#..# #.# #.@......#
[..# #.. #ggw......
..... #.. .........#.
#.#..
.....####....... #...
....... .? .....## .
.....# .....#


You could see a worm and 2 hobgoblins.

Vanquished Creatures
  A giant cockroach (D:1)
  5 goblins (D:1)
  4 hobgoblins (D:1)
  3 bats (D:1)
  A frilled lizard (D:1)
  3 kobolds (D:1)
  4 rats
21 creatures vanquished.

Notes
Turn   | Place    | Note
-------+----------+-------------------------------------------
     0 | D:1      | Klosterheim the Barachian Wanderer began the quest for the Orb.
     0 | D:1      | Klosterheim set off with: a +2 quarterstaff, the Almanac of Enchantment, a scroll of teleportation, a +0 robe, a +0 dagger, a bread ration
     0 | D:1      | Reached XP level 1. HP: 18/18 MP: 1/1
   296 | D:1      | Reached XP level 2. HP: 24/24 MP: 2/2
  1203 | D:2      | Upgraded the game from 0.20-a0-470-gbb038bd to 0.20-a0-492-g6327889
  1234 | D:2      | HP: 1/24 [worm (2)]
  1236 | D:2      | Slain by a hobgoblin

Vault maps used:
D:1:      dpeg_arrival_solitude
D:2:      minmay_close_crescents, uniq_jessica

Skill      XL: |  1  2 |
---------------+-------+-----
Staves         | 2 |  2.4
Fighting       | |  3.5
Maces & Flails | |  0.2
Throwing       | |  1.0
Stealth        | |  2.0
Summonings     | |  3.2

Action                   || total
-------------------------++-------
Melee: Quarterstaff      ||    38
       Whip              ||    23
 Stab: Sleeping          ||     1
  Eat: Chunk             ||     1
Armor: Scale mail        ||    59
Dodge: Dodged            ||    42
